 Dungeon Crawl Stone Soup version 0.30.1-9-gdf580d7c3d (webtiles) character file.

Game seed: 5814821194038983451

106324 Amplified the Severer (level 15, -2/147 (149) HPs)
             Began as a Minotaur Hexslinger on Oct 19, 2023.
             Was a Priest of Ashenzari.
             Slain by a +2 heavy scimitar (13 damage)
             ... on level 1 of the Elven Halls.
             The game lasted 00:48:48 (26097 turns).

Amplified the Severer (Minotaur Hexslinger)        Turns: 26097, Time: 00:48:48

HP:   -2/147 (149)  AC: 14    Str: 19    XL:     15   Next: 97%
MP:   19/19         EV: 19    Int: 10    God:    Ashenzari [***...]
Gold: 1308          SH: 11    Dex: 15    Spells: 20/21 levels left

rFire   + . .        a - +0 broad axe "Eternal Augurer" {flame, Evo, Melee} (curse)
rCold   + . .        i - +0 buckler "I Foresaw This" {Alch, Evo} (curse)
rNeg    . . .        h - +1 leather armour {rPois}
rPois   +            (helmet unavailable)
rElec   .            p - scarf of Ashenzari's Oracle {rC+ rF+, Comp, Bglg} (curse)
rCorr   +            (no gloves)
SInv    +            L - +2 pair of boots of Ashenzari's Anxiety {Self, Cun} (curse)
Will    ++...        K - amulet "Stickiness of Ashenzari" {Reflect rCorr Str+3 SH+5, Cun, Fort} (curse)
Stlth   +            s - +4 ring of protection
HPRegen 0.44/turn    S - ring of willpower
MPRegen 0.16/turn

%: reflection, clarity
@: lightly drained
A: horns 3, retaliatory headbutt, dopey 1, shaggy fur 1
a: Renounce Religion, Shatter the Chains


You were on level 1 of the Elven Halls.
You worshipped Ashenzari.
Ashenzari was most pleased with you.
You visited 5 branches of the dungeon, and saw 24 of its levels.
You visited the Abyss 1 time.
You also visited: Bailey and Gauntlet.

You collected 2599 gold pieces.
You spent 1291 gold pieces at shops.

Inventory:

Hand Weapons
 a - the cursed +0 broad axe "Eternal Augurer" (weapon) {flame, Evo, Melee}
   (You took it off Maggie on level 8 of the Dungeon)

   It has a curse which improves the following skills: Evocations: Evocations.
   Melee Combat: Short Blades, Long Blades, Axes, Maces & Flails, Polearms,
   Staves and Unarmed Combat.
 o - a +0 spear of venom
 u - a +0 scimitar
 z - a +2 war axe of freezing
Missiles
 j - 6 silver javelins (quivered)
 r - 20 poisoned darts
Armour
 h - a +1 leather armour of poison resistance (worn)
 i - the cursed +0 buckler "I Foresaw This" (worn) {Alch, Evo}
   (You found it on level 1 of the Dungeon)

   It has a curse which improves the following skills: Alchemy: Poison Magic and
   Transmutations.
   Evocations: Evocations.
 p - the cursed scarf of Ashenzari's Oracle (worn) {rC+ rF+, Comp, Bglg}
   (You found it on level 3 of the Dungeon)

   It has a curse which improves the following skills: Companions: Summonings
   and Necromancy.
   Beguiling: Conjurations, Hexes and Translocations.
 I - the +2 ratskin cloak {*Rats rPois rN+ Str-1 Int-1 Dex+1}
   (You found it on level 11 of the Dungeon)

   *Rats:     When the wearer is hurt, rats may emerge from it to assist them.
   Str:       It affects your strength (-1).
   Int:       It affects your intelligence (-1).
   Dex:       It affects your dexterity (+1).
   rPois:     It protects you from poison.
   rN:        It protects you from negative energy.
 L - the cursed +2 pair of boots of Ashenzari's Anxiety (worn) {Self, Cun}
   (You found it on level 5 of the Lair of Beasts)

   It has a curse which improves the following skills: Introspection: Fighting
   and Spellcasting.
   Cunning:   Dodging and Stealth.
Jewellery
 b - a ring of protection from fire
 m - a ring of positive energy
 s - a +4 ring of protection (left hand)
 C - a ring of flight
 K - the cursed amulet "Stickiness of Ashenzari" (around neck) {Reflect rCorr Str+3 SH+5, Cun, Fort}
   (You bought it in a shop on level 11 of the Dungeon)

   [amulet of reflection]

   It reflects blocked missile attacks.
   Str:       It affects your strength (+3).
   rCorr:     It protects you from acid and corrosion.
   SH:        It affects your SH (+5).
   It has a curse which improves the following skills: Cunning: Dodging and
   Stealth.
   Fortitude: Armour and Shields.
 S - a ring of willpower (right hand)
Wands
 A - a wand of flame (13)
 D - a wand of mindburst (5)
 E - a wand of iceblast (27)
 X - a wand of acid (6)
Scrolls
 c - 15 scrolls of identify
 f - 2 scrolls of fog
 g - 4 scrolls of vulnerability
 q - 3 scrolls of amnesia
 w - 5 scrolls of enchant weapon
 G - a scroll of magic mapping
 H - 3 scrolls of teleportation
 M - a scroll of silence
 R - a scroll of brand weapon
Potions
 d - 9 potions of mutation
 l - 4 potions of attraction
 n - 3 potions of flight
 t - 2 potions of cancellation
 B - 3 potions of brilliance
 J - 2 potions of lignification
 Q - a potion of magic
 T - 2 potions of ambrosia
 U - a potion of haste
 V - a potion of might
Miscellaneous
 e - a box of beasts
 k - a piece from Xom's chessboard (15/15)
 y - a lightning rod (4/4)
 F - a phial of floods
 W - a phantom mirror


   Skills:
 * Level 16.5(17.9) Fighting
 - Level 7.9(9.5) Long Blades
 - Level 19.1(20.4) Axes
 - Level 5.3 Ranged Weapons
 * Level 14.5(15.9) Armour
 * Level 13.0(15.1) Dodging
 - Level 5.1(6.6) Shields
 - Level 2.3(3.5) Spellcasting
 - Level 3.7(5.1) Hexes


You had 20 spell levels left.
You knew the following spells:

 Your Spells              Type           Power      Damage    Failure   Level
a - Slow                  Hex            48%        N/A       4%          1

Your spell library contained the following spells:

 Spells                   Type           Power      Damage    Failure   Level
 Summon Small Mammal      Summ           8%         N/A       34%         1
 Inner Flame              Hex/Fire       6%         N/A       36%         3
 Portal Projectile        Hex/Tloc       14%        N/A       36%         3
 Summon Guardian Golem    Hex/Summ       7%         N/A       36%         3
 Cause Fear               Hex            6%         N/A       41%         4
 Call Canine Familiar     Summ           2%         N/A       71%         3
 Ignite Poison            Fire/Tmut/Pois 2%         N/A       71%         3
 Stone Arrow              Conj/Erth      2%         3d7       71%         3
 Leda's Liquefaction      Hex/Erth       3%         N/A       77%         4
 Animate Armour           Summ/Erth      2%         N/A       98%         4
 Dispel Undead            Necr           2%         3d7       98%         4
 Flame Wave               Conj/Fire      1%         2d4       98%         4
 Petrify                  Tmut/Erth      1%         N/A       98%         4
 Sticky Flame             Conj/Fire      1%         2d3       98%         4
 Summon Ice Beast         Ice/Summ       1%         N/A       98%         4
 Metabolic Englaciation   Hex/Ice        3%         N/A       98%         5
 Summon Mana Viper        Hex/Summ       7%         N/A       98%         5
 Agony                    Necr           2%         N/A       100%        5
 Alistair's Intoxication  Tmut/Pois      1%         N/A       100%        5
 Borgnjor's Vile Clutch   Necr/Erth      0%         N/A       100%        5
 Fireball                 Conj/Fire      0%         3d3       100%        5
 Iskenderun's Battlesphe  Conj           2%         2d6       100%        5
 Summon Forest            Summ/Tloc      1%         N/A       100%        5
 Conjure Ball Lightning   Conj/Air       0%         3x3d6     100%        6
 Eringya's Noxious Bog    Tmut/Pois      1%         N/A       100%        6
 Statue Form              Tmut/Erth      0%         N/A       100%        6
 Summon Cactus Giant      Summ           1%         N/A       100%        6
 Monstrous Menagerie      Summ           1%         N/A       100%        7
 Orb of Destruction       Conj           1%         9d5       100%        7
 Lehudib's Crystal Spear  Conj/Erth      0%         10d2      100%        8


Dungeon Overview and Level Annotations

Branches:
Dungeon (15/15)            Temple (1/1) D:6            Lair (5/5) D:10
 Shoals (0/4) Lair:3        Snake (0/4) Lair:3        Slime (0/5) Lair:4
    Orc (2/2) D:9             Elf (1/3) Orc:2        Vaults (0/5) D:13
 Bailey (visited)         Gauntlet (visited)
 Depths: D:15

Altars:
Ashenzari
Cheibriados
Dithmenos
Elyvilon
Fedhas
Gozag
Hepliaklqana
Kikubaaqudgha
Makhleb
Nemelex Xobeh
Okawaru
Qazlal
Ru
Sif Muna
Trog
Uskayaw
Vehumet
Wu Jian
Xom
Yredelemnul
Zin
The Shining One
Jiyva

Shops:
D:3 =   D:4 !   D:8 *   D:11 =   Orc:2 ==[?!

Portals:
Trove: D:10 (give 8 potions of haste)

Annotations:
Orc:1 3 runed translucent doors, exclusion: obsidian statue, Xaerxx's ghost, journeyman DrMo


Innate Abilities, Weirdness & Mutations

You have a pair of large horns on your head.
You reflexively headbutt those who attack you in melee.
You are dopey. (Int -2)
You are covered in fur. (AC +1)


Message History

Unknown command.
No target in view!
Okay, then.
HP restored.
Key pressed, stopping explore.
You see here a +0 war axe.
You now have 1308 gold pieces (gained 4).
c - 15 scrolls of identify (gained 1)
A +2 heavy scimitar and a +2 heavy battleaxe come into view.
There are monsters nearby!
Things that are here:
a potion of ambrosia; a +0 trident The +2 heavy scimitar hits you!
You see here 25 gold pieces.
You closely miss the +2 heavy scimitar.
Your headbutt misses the +2 heavy scimitar.
The +2 heavy scimitar barely misses you.
You hit the +2 heavy scimitar but do no damage.
Your headbutt misses the +2 heavy scimitar.
The +2 heavy scimitar hits you!
You miss the +2 heavy scimitar. You headbutt the +2 heavy scimitar!
The +2 heavy scimitar is heavily damaged.
You barely miss the +2 heavy scimitar.
The +2 heavy scimitar is heavily damaged.
The +2 heavy scimitar hits you!
You barely miss the +2 heavy scimitar.
Your headbutt misses the +2 heavy scimitar.
The +2 heavy scimitar is heavily damaged.
You hit the +2 heavy battleaxe but do no damage.
The +2 heavy scimitar misses you. The +2 heavy battleaxe hits you!
Unknown command.
The +2 heavy battleaxe attacks as you move away!
The +2 heavy battleaxe hits you!!! The +2 heavy scimitar hits you!!
* * * LOW HITPOINT WARNING * * *
An earth elemental comes into view.
The +2 heavy scimitar attacks as you move away!
The +2 heavy scimitar hits you!!
* * * LOW HITPOINT WARNING * * *
The +2 heavy scimitar hits you!
You die...

, .##.......## ####*
#.#.........####... *
.........)......#.# *
,..................#
..........<........##...
............)......^..# **
,............)....#.####.#
..............####......#
.....#...@......#*#######
.....#..(....##.#
....#.(##...##.#* ****
.##....$(...##.. , ,
###..?....##...,, * , ,
.E..........#....,
...........###...... ,
..........## #.. , , * *
..#######.# *...


You could see an earth elemental and 2 dancing weapons.

Vanquished Creatures
  A shadow dragon (D:13)
  An orc warlord (D:13)
  An ironbound preserver (D:13)
  A deep elf elementalist (Elf:1)
  Azrael (Orc:2)
  A minotaur (Gauntlet)
  An ettin (D:13)
  A fire dragon (D:14)
  4 ogre magi
  Harold (Lair:1)
  5 hydras
  4 boulder beetles
  4 catoblepae
  13 two-headed ogres
  8 centaur warriors
  14 death yaks
  9 orc high priests (Orc:2)
  A shock serpent (shapeshifter) (D:13)
  A skyshark (Lair:4)
  2 wizards (D:14)
  An orc knight (Orc:2)
  6 ugly things
  A deep elf pyromancer (Elf:1)
  9 manticores
  A moth of wrath (Gauntlet)
  4 cyclopes
  11 elephants
  5 gargoyles
  A smoke demon (Gauntlet)
  4 black mambas
  A torpor snail (Gauntlet)
  13 cane toads
  Maggie (D:8)
  3 efreet
  3 unseen horrors
  3 rime drakes
  12 komodo dragons
  A yaktaur (D:14)
  2 freezing wraiths (D:14)
  7 trolls
  Prince Ribbit (Bailey)
  12 dream sheep
  3 polar bears
  8 blink frogs
  A snapping turtle (Lair:3)
  A water elemental (Elf:1)
  80 yaks
  A shadow (D:12)
  An air elemental (Elf:1)
  2 vampires
  5 wyverns
  3 wraiths
  5 basilisks
  14 vampire mosquitoes
  2 steam dragons
  5 fire elementals (Orc:2)
  5 humans (Bailey)
  4 redbacks (Gauntlet)
  8 wargs
  3 nagas (Lair:3)
  2 acid dragons (D:9)
  3 hell hounds (Orc:2)
  15 water moccasins
  An ice beast (D:8)
  16 orc warriors
  3 black bears
  The ghost of Ancym0n the Covered, an amateur HOFi of Beogh (D:3)
  13 ogres
  11 wolves
  3 small abominations (Gauntlet)
  10 centaurs
  2 phantoms
  15 bullfrogs
  A scorpion (D:6)
  10 wights
  3 killer bees (D:10)
  5 howler monkeys
  An electric eel (Lair:3)
  4 crimson imps (Gauntlet)
  A bullfrog zombie (D:3)
  32 orc priests
  A gnoll bouda (D:5)
  4 hounds
  A jelly (D:5)
  A bullfrog skeleton (D:3)
  A sleepcap (Temple)
  2 hell rats (Lair:3)
  An iguana (D:4)
  34 orc wizards
  Robin (D:4)
  2 gnolls
  9 adders
  7 river rats (Lair:3)
  A shadow imp (D:6)
  2 white imps (D:5)
  An ufetubus (D:6)
  A worm (D:3)
  5 dart slugs
  98 orcs
  5 ball pythons
  A bat (D:1)
  6 endoplasms
  5 giant cockroaches
  5 hobgoblins
  3 jackals (D:1)
  4 kobolds
  2 quokkas (D:1)
  3 frilled lizards
  17 goblins
  7 rats
709 creatures vanquished.

Vanquished Creatures (others)
  A slime creature (D:14)
  3 gnolls (D:5)
4 creatures vanquished.

Grand Total: 713 creatures vanquished

Notes
Turn   | Place    | Note
-------+----------+-------------------------------------------
     0 | D:1      | Amplified the Minotaur Hexslinger began the quest for the
                  | Orb.
     0 | D:1      | Reached XP level 1. HP: 16/16 MP: 1/1
    85 | D:1      | Reached XP level 2. HP: 16/24 MP: 2/2
   262 | D:1      | Found a faded altar of an unknown god.
   365 | D:1      | Reached XP level 3. HP: 29/29 MP: 3/3
  1089 | D:2      | Reached skill level 1 in Shields
  1136 | D:2      | Reached XP level 4. HP: 33/37 MP: 4/4
  1721 | D:3      | Noticed a phantom
  1730 | D:3      | Killed a phantom
  1731 | D:3      | Reached XP level 5. HP: 45/45 MP: 6/6
  1805 | D:4      | Noticed an ogre
  1843 | D:4      | Noticed Robin
  1896 | D:4      | Killed Robin
  2073 | D:3      | Found Posid's Jewellery Emporium.
  2204 | D:3      | Found a runed translucent gate.
  2205 | D:3      | Found a runed translucent gate.
  2205 | D:3      | Found a runed translucent gate.
  2208 | D:3      | Noticed Ancym0n's ghost (amateur HOFi)
  2481 | D:3      | Reached XP level 6. HP: 45/51 MP: 7/7
  2931 | D:5      | Entered Level 5 of the Dungeon
  3171 | D:4      | Found Amahailo's Distillery.
  3760 | D:6      | Reached XP level 7. HP: 57/60 MP: 7/9
  3838 | D:6      | Found a staircase to the Ecumenical Temple.
  3850 | Temple   | Entered the Ecumenical Temple
  3887 | Temple   | Became a worshipper of Ashenzari the Shackled
  3958 | D:6      | Reached skill level 1 in Long Blades
  4087 | D:6      | Reached skill level 5 in Ranged Weapons
  4094 | D:6      | Reached skill level 5 in Fighting
  4354 | D:6      | Reached XP level 8. HP: 46/68 MP: 10/10
  4490 | D:7      | Got the Omnibus of the Cemetery and the Pyre
  4546 | D:7      | Found a flagged portal.
  4636 | Bailey   | Entered a bailey
  4649 | Bailey   | Reached skill level 5 in Shields
  4827 | Bailey   | Reached skill level 5 in Long Blades
  4925 | Bailey   | Noticed Prince Ribbit
  4933 | Bailey   | Gained mutation: You are covered in fur. (AC +1) [potion of
                  | mutation]
  4933 | Bailey   | Gained mutation: You have a pair of large horns on your
                  | head. [potion of mutation]
  4938 | Bailey   | Killed Prince Ribbit
  4939 | Bailey   | Reached XP level 9. HP: 28/81 MP: 8/11
  4989 | Bailey   | Noticed a vault guard
  5232 | D:5      | Reached skill level 1 in Armour
  6289 | D:4      | Found a snail-covered altar of Cheibriados.
  6700 | D:8      | Noticed Maggie
  6711 | D:8      | Killed Maggie
  7339 | D:8      | Reached skill level 1 in Axes
  7363 | D:8      | Found a hide-covered altar of Uskayaw.
  7381 | D:8      | Reached * piety under Ashenzari
  7489 | D:8      | Found Uffystruf's Demolitions Depot.
  7921 | D:9      | Reached skill level 2 in Axes
  7983 | D:9      | Reached XP level 10. HP: 92/92 MP: 12/12
  8112 | D:9      | Reached skill level 3 in Axes
  8163 | D:9      | Reached skill level 4 in Axes
  8313 | D:9      | Reached skill level 5 in Axes
  8423 | D:9      | Found a staircase to the Orcish Mines.
  8464 | D:9      | Reached skill level 6 in Axes
  8488 | D:9      | Reached skill level 7 in Axes
  8570 | D:10     | Entered Level 10 of the Dungeon
  8639 | D:10     | Found a white marble altar of Elyvilon.
  8662 | D:10     | Noticed an ogre mage
  8665 | D:10     | Noticed a centaur warrior
  8696 | D:11     | Noticed a manticore
  8703 | D:11     | Killed a manticore
  8704 | D:11     | Reached skill level 8 in Axes
  8705 | D:11     | Reached skill level 9 in Axes
  8709 | D:11     | Reached skill level 10 in Axes
  8772 | D:11     | Noticed a boulder beetle
  8790 | D:11     | Killed a boulder beetle
  8895 | D:11     | Found a gate leading to a gauntlet.
  8903 | Gauntlet | Entered a Gauntlet
  8903 | Gauntlet | Found a transporter.
  8907 | Gauntlet | Noticed a smoke demon
  8913 | Gauntlet | Found a transporter.
  8916 | Gauntlet | Found a transporter.
  8917 | Gauntlet | Found a transporter.
  8924 | Gauntlet | Noticed a large abomination
  8928 | Gauntlet | Found a transporter.
  8928 | Gauntlet | Found a transporter.
  8929 | Gauntlet | Found a transporter.
  8936 | Gauntlet | Noticed a torpor snail
  8938 | Gauntlet | Found a transporter.
  8940 | Gauntlet | Found a transporter.
  8941 | Gauntlet | Found a transporter.
  8946 | Gauntlet | Noticed a moth of wrath
  8947 | Gauntlet | Found a runed translucent door.
  8948 | Gauntlet | Found a runed translucent door.
  8949 | Gauntlet | Found a transporter.
  8952 | Gauntlet | Found a transporter.
  8953 | Gauntlet | Found a transporter.
  8961 | Gauntlet | Found a transporter.
  8970 | Gauntlet | Noticed an obsidian statue
  8997 | Gauntlet | Noticed a six-headed hydra
  9055 | Gauntlet | Killed a smoke demon
  9056 | Gauntlet | Reached skill level 11 in Axes
  9056 | Gauntlet | Reached XP level 11. HP: 97/99 MP: 13/13
  9210 | Gauntlet | Reached skill level 12 in Axes
  9270 | Gauntlet | Gained mutation: You are dopey. (Int -2) [a neqoxec]
  9315 | Gauntlet | Noticed a minotaur
  9341 | Gauntlet | Killed a minotaur
  9357 | Gauntlet | Identified the cursed scarf of Ashenzari's Oracle {rC+ rF+,
                  | Comp, Bglg} (You found it on level 3 of the Dungeon)
  9466 | D:11     | Found the +2 ratskin cloak {*Rats rPois rN+ Str-1 Int-1
                  | Dex+1}
  9498 | D:11     | Reached skill level 13 in Axes
  9751 | D:11     | Found Cenoy's Jewellery Emporium.
  9756 | D:11     | Bought the amulet "Dyfimu" {Reflect rCorr Str+3 SH+5} for
                  | 684 gold pieces
  9961 | D:12     | Noticed a brown ugly thing
  9994 | D:10     | Found a staircase to the Lair.
 10003 | D:10     | Reached skill level 14 in Axes
 10215 | D:10     | Reached skill level 15 in Axes
 10560 | D:10     | Found a portal to a secret trove of treasure.
 10597 | D:10     | Identified the +0 cloak of Pandemonium {rF+ Dex+3 Slay-2}
 10651 | D:10     | Killed a centaur warrior
 10652 | D:10     | Reached skill level 16 in Axes
 10652 | D:10     | Reached XP level 12. HP: 78/106 MP: 14/14
 10735 | D:10     | Found a glowing golden altar of the Shining One.
 11184 | D:3      | Killed Ancym0n's ghost
 11363 | D:10     | Killed an ogre mage
 11374 | Lair:1   | Entered Level 1 of the Lair of Beasts
 11521 | Lair:1   | Identified the +2 whip "Wudinaewk" {elec, +Blink rPois rC-
                  | Stlth+}
 11545 | Lair:1   | Reached skill level 17 in Axes
 11586 | Lair:1   | Noticed Harold
 11605 | Lair:1   | HP: 4/106 [cane toad (5)]
 12532 | Lair:1   | Reached skill level 18 in Axes
 12579 | Lair:2   | Noticed a seven-headed hydra
 12589 | Lair:1   | Killed a three-headed hydra
 13039 | Lair:2   | Reached skill level 19 in Axes
 13537 | Lair:3   | Reached skill level 5 in Armour
 13763 | Lair:3   | Reached skill level 10 in Fighting
 13926 | Lair:3   | Noticed a death yak
 13926 | Lair:3   | Noticed a death yak
 13927 | Lair:3   | Noticed a death yak
 13929 | Lair:3   | Noticed a death yak
 13953 | Lair:3   | Killed a death yak
 13956 | Lair:3   | Killed a death yak
 13957 | Lair:3   | Reached XP level 13. HP: 78/113 MP: 15/15
 14595 | Lair:3   | Found a staircase to the Shoals.
 14734 | Lair:3   | Reached ** piety under Ashenzari
 14818 | Lair:3   | Found a staircase to the Snake Pit.
 15100 | Lair:4   | Reached skill level 5 in Dodging
 16136 | Lair:4   | Identified the +7 whip of the Howling Augurer {freeze,
                  | rC++}
 16374 | Lair:4   | Found a viscous altar of Jiyva.
 16384 | Lair:4   | Found a staircase to the Slime Pits.
 16442 | Lair:5   | Entered Level 5 of the Lair of Beasts
 16675 | Lair:5   | Reached XP level 14. HP: 81/127 MP: 16/16
 16979 | Lair:5   | Reached skill level 10 in Armour
 17573 | Lair:5   | Identified the +3 battleaxe of Narrow True Grit {freeze,
                  | SInv}
 18984 | Lair:1   | Paralysed by Harold for 5 turns
 18992 | Lair:1   | Killed Harold
 19081 | Orc:1    | Entered Level 1 of the Orcish Mines
 19204 | Orc:1    | Found a runed translucent gate.
 19204 | Orc:1    | Found a runed translucent gate.
 19204 | Orc:1    | Found a runed translucent gate.
 19267 | Orc:1    | Found an opulent altar of Gozag.
 19367 | Orc:1    | Reached skill level 10 in Dodging
 19585 | Orc:1    | Noticed Xaerxx's ghost (journeyman DrMo)
 19652 | Orc:2    | Entered Level 2 of the Orcish Mines
 19802 | Orc:2    | Noticed Azrael
 20228 | Orc:2    | Killed Azrael
 20344 | Orc:2    | Found Teowaos's Jewellery Emporium.
 20344 | Orc:2    | Found Finareru's Jewellery Boutique.
 20600 | Orc:2    | Found Gagoerui's Magic Scroll Emporium.
 20615 | Orc:2    | Found Vagyek's Armour Boutique.
 20638 | Orc:2    | Bought a scroll of blinking for 75 gold pieces
 20638 | Orc:2    | Bought a scroll of fog for 40 gold pieces
 20638 | Orc:2    | Bought a scroll of fog for 40 gold pieces
 20638 | Orc:2    | Bought a scroll of blinking for 75 gold pieces
 20638 | Orc:2    | Bought a scroll of magic mapping for 75 gold pieces
 20638 | Orc:2    | Bought a scroll of teleportation for 30 gold pieces
 20740 | Orc:2    | Found Ruttemosh's Distillery.
 20749 | Orc:2    | Bought a potion of curing for 48 gold pieces
 20749 | Orc:2    | Bought a potion of haste for 160 gold pieces
 20755 | Orc:2    | Bought a potion of might for 64 gold pieces
 20902 | Orc:2    | Found a staircase to the Elven Halls.
 21508 | D:12     | Reached XP level 15. HP: 131/139 MP: 17/17
 21828 | D:12     | Reached skill level 15 in Fighting
 23118 | D:13     | Found a runed translucent door.
 23793 | D:13     | Found a gate to the Vaults.
 23915 | D:13     | Reached *** piety under Ashenzari
 24270 | D:14     | Identified the +5 war axe "Arcanum" {flame, Fragile Dex+2
                  | SInv}
 24369 | Abyss:2  | Cast into level 2 of the Abyss (a wizard)
 24383 | D:14     | Escaped the Abyss
 24961 | D:15     | Entered Level 15 of the Dungeon
 24979 | D:14     | HP: 5/148 [shock serpent (shapeshifter)/bolt of electricity
                  | (14)]
 25656 | D:13     | Noticed a shadow dragon
 25665 | D:13     | Killed a shadow dragon
 25985 | Elf:1    | Entered Level 1 of the Elven Halls
 26097 | Elf:1    | Slain by a +2 heavy scimitar

Illustrated notes

Levels and vault maps discovered:
D:1:      mainiacjoe_arrival_reflecting_pool, layout_rooms,
          hellmonk_ecumenical_altar_zigzags
D:2:      layout_basic, grunt_ministairs_11, kennysheep_generic_room_5
D:3:      layout_loops_cross, gammafunk_ghost_necromancy, serial_shops, shop,
          kennysheep_orc_chapel
D:4:      layout_basic, mainiacjoe_overflow_alcove_1, serial_shops, shop,
          uniq_robin
D:5:      layout_basic, lemuel_flamethrower_1
D:6:      layout_basic, minmay_temple_entry_waves
D:7:      layout_basic, enter_bailey_2
D:8:      layout_layer_cave, mainiacjoe_overflow_tiny_flanked,
          nicolae_blasting_shop, uniq_maggie
D:9:      layout_roguey, minmay_orc_entry_temple_large
D:10:     minmay_bloctagon, layout_rooms, nicolae_tso_swordbearing_angel,
          mainiacjoe_overflow_concentric_impassable,
          nicolae_trove_entry_diagonal
D:11:     layout_basic, serial_shops, nicolae_shop_just_a_little_nook,
          gauntlet_entry_generic
D:12:     layout_loops_corners, minmay_fractal_squares_gapless_5
D:13:     layout_roguey, skrybe_vaults_entry_preservation, minivault_13
D:14:     minmay_the_grid_square_5x5_4x4_mashed
          [minmay_the_grid_square_5x5_broken_cross,
          minmay_the_grid_square_5x5_fat_x, minmay_the_grid_square_5x5_minibox,
          minmay_the_grid_square_5x5_three,
          minmay_the_grid_square_5x5_doubleslash,
          minmay_the_grid_square_5x5_prize_waves,
          minmay_the_grid_square_5x5_prize_pseudospiral,
          minmay_the_grid_square_5x5_longway,
          minmay_the_grid_square_5x5_gyroscope,
          minmay_the_grid_square_5x5_prize_itemx,
          minmay_the_grid_square_5x5_prize_gold,
          minmay_the_grid_square_5x5_bite, minmay_the_grid_square_5x5_two,
          minmay_the_grid_square_5x5_intrusive_squares,
          minmay_the_grid_square_5x5_z, minmay_the_grid_square_5x5_seven],
          layout_irregular_city, hex_medium
D:15:     hangedman_depths_entry_try_elsewhere_first, layout_loops_ring,
          corexii_leaking_fountain, hangedman_abyss_or_decor_jellyfish_corner,
          uniq_kirke, uniq_roxanne
Temple:   nicolae_temple_no_exploring_needed
Lair:1:   layout_hall_layers, cheibrodos_lair_reptile_den,
          infiniplex_staircase_pool_2, uniq_harold
Lair:2:   layout_big_grid, minivault_26, minivault_26,
          cheibrodos_lair_caveside_slide, minivault_24, lemuel_old_faithful
Lair:3:   layout_gridlike, minmay_shoals_entry_hut, nicolae_snake_entry_squirm,
          kennysheep_rathole
Lair:4:   layout_big_grid, dpeg_slime_entry_corner, nicolae_lair_grazing_beasts
          [nicolae_sub_lair_graze_edge, nicolae_sub_lair_graze_edge,
          nicolae_sub_lair_graze_edge, nicolae_sub_lair_graze_edge]
Lair:5:   evilmike_catoblepas_cave, layout_long_grid, minivault_26,
          grunt_megastairs_4
Orc:1:    layout_diamond_mine, ebering_ghost_gozag, serial_shops
Orc:2:    st_orc_town, layout_caves, serial_shops,
          nicolae_shop_industrial_runoff, uniq_azrael
Elf:1:    layout_loops_cross, hangedman_elf_represent, st_stairs_2

Skill      XL: |  1  2  3  4  5  6  7  8  9 10 11 12 13 14 15 |
---------------+----------------------------------------------+-----
Fighting       | 2 3 4 5 8 9 10 12 14 16 | 16.5
Ranged Weapons | 3 4 5 |  5.3
Shields        | 1 2 3 4 5 |  5.1
Spellcasting   | 2 |  2.3
Long Blades    | 2 6 7 |  7.9
Hexes          | 3 |  3.7
Armour         | 4 5 9 12 14 | 14.5
Axes           | 2 11 16 19 | 19.1
Dodging        | 3 8 10 13 | 13.0

Action                     |  1- 3 |  4- 6 |  7- 9 | 10-12 | 13-15 || total
---------------------------+-------+-------+-------+-------+-------++-------
  Melee: Sling             |       |     3 |       |       |       ||     3
         Spear             |       |       |   153 |       |       ||   153
         Headbutt          |       |       |    46 |   126 |   338 ||   510
         Broad axe         |       |       |    42 |   548 |  1151 ||  1741
   Fire: Sling             |    98 |   253 |   158 |       |       ||   509
  Throw: Throwing net      |       |       |     1 |     4 |     1 ||     6
   Cast: Slow              |       |     5 |     9 |       |       ||    14
 Invoke: Curse Item        |       |       |     2 |       |     3 ||     5
  Evoke: Wand              |       |    19 |    31 |     9 |     8 ||    67
         Lightning rod     |       |       |       |     4 |     4 ||     8
    Use: Scroll            |     5 |     8 |     3 |     6 |    15 ||    37
         Potion            |       |     9 |     3 |    10 |     5 ||    27
   Stab: Paralysed         |       |       |     2 |     3 |     5 ||    10
         Distracted        |       |       |     1 |       |       ||     1
         Sleeping          |       |       |     1 |       |       ||     1
         Invisible         |       |       |       |     8 |       ||     8
         Held in net/web   |       |       |       |     2 |     1 ||     3
 Armour: Robe              |     8 |     3 |       |       |       ||    11
         Leather armour    |       |    69 |    83 |   123 |   153 ||   428
         Skin              |       |    12 |       |       |       ||    12
  Dodge: Dodged            |    23 |   105 |   168 |   310 |   608 ||  1214
  Block: Buckler           |     2 |    39 |    72 |   204 |   492 ||   809
         Reflection        |       |       |       |     7 |    20 ||    27
